 Dungeon Crawl Stone Soup version 0.30-a0-777-ga9a30cbeda (webtiles) character file.

Game seed: 2270382174994862625

458 PLAYERX the Poker (level 6, -5/56 HPs)
             Began as a Minotaur Monk on Feb 14, 2023.
             Engulfed by a steam dragon's steam (6 damage)
             ... on level 4 of the Dungeon.
             The game lasted 00:11:18 (3151 turns).

PLAYERX the Poker (Minotaur Monk)                   Turns: 3151, Time: 00:11:19

Health: -5/56      AC:  6    Str: 18    XL:     6   Next: 77%
Magic:  5/5        EV: 12    Int:  7    God:
Gold:   176        SH:  3    Dex: 12    Spells: 5/5 levels left

rFire   . . .      SeeInvis .    a - +0 spear
rCold   . . .      Faith    .    u - +0 buckler
rNeg    . . .      Spirit   .    b - +0 ring mail
rPois   .          Reflect  .    (helmet restricted)
rElec   .          Harm     .    (no cloak)
rCorr   .          Rampage  .    o - +0 pair of gloves
Will    .....                    (no boots)
Stlth   ++                       (no amulet)
HPRegen 0.29/turn                (no ring)
MPRegen 0.09/turn                (no ring)

@: no status effects
A: horns 2, retaliatory headbutt
a: no special abilities


You were on level 4 of the Dungeon.
You visited 1 branch of the dungeon, and saw 4 of its levels.

You collected 176 gold pieces.

Inventory:

Hand Weapons
 a - a +0 spear (weapon)
Armour
 b - a +0 ring mail (worn)
 o - a +0 pair of gloves (worn)
 u - a +0 buckler (worn)
Wands
 r - a wand of roots (10)
 v - a wand of polymorph (11)
Scrolls
 d - a scroll of enchant weapon {unknown}
 f - a scroll of vulnerability {unknown}
 i - a scroll of identify {unknown}
 j - a scroll of acquirement {unknown}
 k - 3 scrolls of immolation {unknown}
 p - a scroll of fear {unknown}
 s - a scroll of teleportation {unknown}
Potions
 c - a potion of ambrosia
 e - 2 potions of haste {unknown}
 g - 3 potions of curing {unknown}
 h - a potion of attraction {unknown}
 l - 2 potions of heal wounds {unknown}
 m - 2 potions of might {unknown}
 n - a potion of berserk rage {unknown}
 q - a potion of brilliance {unknown}
 t - a potion of lignification {unknown}


   Skills:
 + Level 5.5 Fighting
 + Level 5.6 Polearms
 + Level 5.1 Dodging
 + Level 3.5 Stealth


You had 5 spell levels left.
You didn't know any spells.
Your spell library contained the following spells:

 Spells                   Type           Power      Damage    Failure   Level
 Slow                     Hex            0%         N/A       75%         1
 Ensorcelled Hibernation  Hex/Ice        0%         N/A       87%         2
 Inner Flame              Hex/Fire       0%         N/A       98%         3
 Portal Projectile        Hex/Tloc       0%         N/A       98%         3
 Stone Arrow              Conj/Erth      0%         3d7       98%         3


Dungeon Overview and Level Annotations

Branches:
Dungeon (4/15)
 Temple: D:4-7

Altars:

Annotations:
D:2 1 runed translucent door, Crazy Yiuf


Innate Abilities, Weirdness & Mutations

You have a pair of horns on your head.
You reflexively headbutt those who attack you in melee.


Message History

The steam dragon is lightly wounded.
You are engulfed in a cloud of scalding steam.
The steam dragon closely misses you. The steam dragon claws you.
You hit the steam dragon.
The steam dragon is moderately wounded.
You are engulfed in a cloud of scalding steam.
You hit the steam dragon but do no damage.
You headbutt the steam dragon.
The steam dragon is heavily wounded.
The steam dragon bites you. The steam dragon claws you.
You closely miss the steam dragon.
The steam dragon is heavily wounded.
The steam dragon bites you. You block the steam dragon's attack.
You hit the steam dragon.
The steam dragon is heavily wounded.
You block the steam dragon's attack. The steam dragon barely misses you.
You hit the steam dragon.
The steam dragon is heavily wounded.
The steam dragon breathes steam at you. The ball of steam hits you.
You are too injured to fight recklessly!
You are too injured to fight recklessly!
You are too injured to fight recklessly!
You are too injured to fight recklessly!
You closely miss the steam dragon.
The steam dragon is heavily wounded.
You are engulfed in a cloud of scalding steam.
The steam dragon misses you. You block the steam dragon's attack.
You closely miss the steam dragon. Your headbutt misses the steam dragon.
The steam dragon is heavily wounded.
You are engulfed in a cloud of scalding steam.
You barely miss the steam dragon.
The steam dragon is heavily wounded.
The steam dragon breathes steam at you. The ball of steam hits you!
* * * LOW HITPOINT WARNING * * *
You hit the steam dragon. Your headbutt misses the steam dragon.
The steam dragon is severely wounded.
You are engulfed in a cloud of scalding steam.
You die...

..........# #.......#
..........# #.......#
..........####.......#
..)..............#
#############'####
#.....# #.#####
#..ยงยง# ####@# #D#
#.# #.# #.# #.# #..
###


You could see a steam dragon (catching breath).

Vanquished Creatures
  An ogre (D:4)
  A scorpion (D:4)
  A jelly (D:4)
  Jessica (D:2)
  Ijyb (D:3)
  An orc wizard (D:3)
  Natasha (thrice) (D:3)
  Robin (D:2)
  3 adders
  3 worms
  2 dart slugs (D:3)
  9 orcs
  5 ball pythons
  3 bats
  4 endoplasms
  2 giant cockroaches (D:1)
  19 goblins
  A hobgoblin (D:3)
  4 jackals (D:3)
  A quokka (D:2)
  4 frilled lizards
  3 kobolds
  5 rats
78 creatures vanquished.

Vanquished Creatures (others)
  2 fungi (D:2)
2 creatures vanquished.

Grand Total: 80 creatures vanquished

Notes
Turn   | Place    | Note
-------+----------+-------------------------------------------
     0 | D:1      | PLAYERX the Minotaur Monk began the quest for the Orb.
     0 | D:1      | Reached XP level 1. HP: 19/19 MP: 0/0
     1 | D:1      | Noticed an electric eel
   315 | D:1      | Reached XP level 2. HP: 27/27 MP: 1/1
   785 | D:2      | Got Jotaef's Book of Obstruction and Geomancy
   953 | D:2      | Reached XP level 3. HP: 33/33 MP: 2/2
   988 | D:2      | Noticed Jessica
   993 | D:2      | Killed Jessica
  1132 | D:2      | Reached XP level 4. HP: 39/40 MP: 3/3
  1176 | D:2      | Noticed Robin
  1198 | D:2      | Killed Robin
  1451 | D:2      | Found a runed translucent door.
  1452 | D:2      | Noticed Crazy Yiuf
  1835 | D:3      | Noticed Natasha
  1857 | D:3      | Killed Natasha
  1858 | D:3      | Reached XP level 5. HP: 26/47 MP: 4/4
  1961 | D:3      | Noticed Natasha
  1994 | D:3      | Killed Natasha
  1995 | D:3      | Reached skill level 5 in Polearms
  2037 | D:3      | Noticed Natasha
  2049 | D:3      | Killed Natasha
  2050 | D:3      | Reached skill level 5 in Fighting
  2316 | D:3      | Noticed Ijyb
  2326 | D:3      | Killed Ijyb
  2327 | D:3      | Reached XP level 6. HP: 43/56 MP: 5/5
  2920 | D:4      | Reached skill level 5 in Dodging
  3138 | D:4      | Noticed a steam dragon
  3150 | D:4      | HP: 1/56 [steam dragon/ball of steam (17)]
  3151 | D:4      | Engulfed by a steam dragon's steam

Illustrated notes

Levels and vault maps discovered:
D:1:      arrival_aquarium_a, layout_basic, nicolae_eternal_life,
          wad_floor_pattern_2
D:2:      layout_rooms, grunt_ministairs_5, uniq_crazy_yiuf_cottage,
          uniq_jessica, uniq_robin
D:3:      layout_basic, uniq_ijyb, uniq_natasha
D:4:      layout_basic, portal_sewer_entry_e, eino_tiny_chamber, uniq_eustachio

Skill      XL: |  1  2  3  4  5  6 |
---------------+-------------------+-----
Stealth        | 2 3 |  3.5
Fighting       | 4 5 |  5.5
Polearms       | 4 5 |  5.6
Dodging        | 4 5 |  5.1

Action                     |  1- 3 |  4- 6 || total
---------------------------+-------+-------++-------
  Melee: Spear             |    58 |   169 ||   227
         Headbutt          |     5 |    31 ||    36
         Punch             |       |     1 ||     1
   Stab: Sleeping          |     7 |     4 ||    11
 Armour: Robe              |     6 |       ||     6
         Ring mail         |     4 |    33 ||    37
  Dodge: Dodged            |    20 |    55 ||    75
  Block: Buckler           |       |     4 ||     4

Table legend: (Time is in decaauts)
 A = Elapsed time spent in this place.
 B = Non-inter-level travel time spent in this place.
 C = Inter-level travel time spent in this place.
 D = Time resting spent in this place.
 E = Time spent auto-exploring this place.
 F = Levels seen in this place.
 G = Mean time per level.
                   A        B        C        D        E       F      G
               +--------+--------+--------+--------+--------+-----+--------+
         Total |   3128 |   3128 |      0 |    553 |   1833 |   4 |  782.0 |
       Dungeon |   3128 |   3128 |      0 |    553 |   1833 |   4 |  782.0 |
               +--------+--------+--------+--------+--------+-----+--------+

Top non-repeatable levels by time:
     D:3: 1110 daAuts
     D:2: 832 daAuts
     D:1: 743 daAuts
     D:4: 442 daAuts
